 Dungeon Crawl Stone Soup version bcrawl-1.20 (webtiles) character file.

Game seed: 5419444575956752040

77 Mrkan the Shield-Bearer (level 4, -3/40 HPs)
             Began as a Minotaur Fighter on Jan 17, 2020.
             Slain by a gnoll
             ... wielding a +0 halberd
              (9 damage)
             ... on level 2 of the Dungeon.
             The game lasted 00:02:20 (1144 turns).

Mrkan the Shield-Bearer (Minotaur Fighter)          Turns: 1144, Time: 00:02:21

Health: -3/40      AC:  7    Str: 25    XL:     4   Next: 14%
Magic:  3/3        EV:  7    Int:  5    God:
Gold:   38         SH: 10    Dex: 11    Spells: 3/3 levels left

rFire    . . .     SeeInvis .   a - +0 war axe
rCold    . . .     Gourm    .   c - +0 shield
rNeg     . . .     Faith    .   b - +0 scale mail
rPois    .         Spirit   .   (helmet restricted)
rElec    .         Reflect  .   (no cloak)
rCorr    .         Harm     .   (no gloves)
MR       .....                  (no boots)
Stlth    ..........             (no amulet)
HPRegen  0.13/turn              (no ring)
MPRegen  0.08/turn              (no ring)

@: mighty
A: retaliatory headbutt, horns 2
a: no special abilities


You were on level 2 of the Dungeon.
You were not hungry.

You visited 1 branch of the dungeon, and saw 2 of its levels.

You collected 38 gold pieces.

Inventory:

Hand Weapons
 a - a +0 war axe (weapon)
Armour
 b - a +0 scale mail (worn)
 c - a +0 shield (worn)
Scrolls
 f - 4 scrolls of identify {unknown}
 g - 2 scrolls of amnesia {unknown}
 h - a scroll of enchant armour {unknown}
 i - 4 scrolls of remove curse {unknown}
 j - a scroll of immolation {unknown}
 m - a scroll of fear {unknown}
Potions
 l - a potion of curing {unknown}
 n - a potion of cancellation {unknown}
Comestibles
 e - 2 rations {!d}
 k - 5 chunks of flesh


   Skills:
 + Level 4.2 Fighting
 * Level 3.8 Axes
 + Level 4.2 Armour
 + Level 4.2 Shields


You had 3 spell levels left.
You didn't know any spells.
Your spell library was empty.

Dungeon Overview and Level Annotations

Branches:
Dungeon (2/12)

Altars:
The Shining One


Innate Abilities, Weirdness & Mutations

You reflexively headbutt those who attack you in melee.
You have a pair of horns on your head.


Message History

Some of the chunks of flesh in your inventory have rotted away.
You see here a gnoll corpse.
You feel very mighty all of a sudden. The gnoll closely misses you.
You block the gnoll's attack.
A giant cockroach comes into view.
You slash the gnoll!
The gnoll is heavily wounded.
The gnoll hits you but does no damage. You block the gnoll's attack. x2
You barely miss the gnoll.
The gnoll is heavily wounded.
The gnoll hits you with a +0 spear.
* * * LOW HITPOINT WARNING * * *
The gnoll hits you but does no damage.
You slash the gnoll!
You kill the gnoll!
You have reached level 4!
You feel agile. You block the gnoll's attack.
The gnoll hits you from afar with a +0 halberd!
You die...

#.##.##...## #......#.##
#######......#.#
#..............#
#.#####........# #. #.#
#........# #####.###.#
##.#.#.#..# ..=.....#†#
#...###...# ......#.#@#
#..#.#.#.## ##......#g#
#..##.##.####
........#g####............
..!.....†s.....###.##.####
#.......#.########.##.#
##....g.#..........##.#
#!..>#.#############.#
#.##.##.# #.# . #. #.# #.#


You could see 2 gnolls and a giant cockroach.

Vanquished Creatures
  2 gnolls (D:2)
  An adder (D:2)
  An ooze (D:1)
  3 leopard geckos
  A ball python (D:2)
  A giant cockroach (D:1)
  A goblin (D:1)
  5 hobgoblins
  A jackal (D:2)
  A quokka (D:2)
  6 bats
  4 frilled lizards
  8 kobolds
  6 rats
41 creatures vanquished.

Notes
Turn   | Place    | Note
-------+----------+-------------------------------------------
     0 | D:1      | Mrkan the Minotaur Fighter began the quest for the Orb.
     0 | D:1      | Reached XP level 1. HP: 19/19 MP: 0/0
   212 | D:1      | Reached XP level 2. HP: 20/27 MP: 1/1
   796 | D:2      | Reached XP level 3. HP: 33/33 MP: 2/2
   922 | D:2      | Found a glowing golden altar of the Shining One.
  1143 | D:2      | Reached XP level 4. HP: 6/40 MP: 3/3
  1144 | D:2      | Slain by a gnoll

Skill      XL: |  1  2  3 |
---------------+----------+-----
Axes           | 3 |  3.8
Fighting       | 4 |  4.2
Shields        | 4 |  4.2
Armour         | 4 |  4.2

Action                   |  1- 3 |  4- 6 || total
-------------------------+-------+-------++-------
Melee: War axe           |    98 |       ||    98
       Headbutt          |    11 |       ||    11
  Use: Potion            |     1 |       ||     1
  Eat: Chunk             |     1 |       ||     1
Armor: Scale mail        |    51 |       ||    51
Dodge: Dodged            |    35 |       ||    35
Block: Shield            |    71 |     1 ||    72
